 Dungeon Crawl Stone Soup version 0.25.1-2-g60ff931df9 (webtiles) character file.

Game seed: 13842278915369399103

3264 Curus the Spear-Bearer (level 9, -6/68 HPs)
             Began as a Minotaur Gladiator on Sept 22, 2020.
             Was an Elder of Okawaru.
             Mangled by a yak (12 damage)
             ... on level 1 of the Lair of Beasts.
             The game lasted 00:28:05 (7061 turns).

Curus the Spear-Bearer (Minotaur Gladiator)         Turns: 7061, Time: 00:28:06

Health: -6/68      AC:  5    Str: 20    XL:     9   Next: 68%
Magic:  8/8        EV: 13    Int:  7    God:    Okawaru [****..]
Gold:   325        SH:  0    Dex: 12    Spells: 8/8 levels left

rFire    . . .     SeeInvis .   r - +2 trident (freeze)
rCold    . . .     Gourm    .   (no shield)
rNeg     . . .     Faith    .   e - +0 leather armour
rPois    +         Spirit   .   c - +0 hat
rElec    .         Reflect  .   n - +0 cloak
rCorr    .         Harm     .   k - +0 pair of gloves
MR       .....                  (no boots)
Stlth    +.........             (no amulet)
HPRegen  0.21/turn              q - ring of poison resistance
MPRegen  0.11/turn              (no ring)

@: no status effects
A: retaliatory headbutt, horns 2
a: Heroism, Renounce Religion


You were on level 1 of the Lair of Beasts.
You worshipped Okawaru.
Okawaru was greatly pleased with you.
You were hungry.

You visited 2 branches of the dungeon, and saw 9 of its levels.

You collected 325 gold pieces.

Inventory:

Hand Weapons
 a - a +2 quarterstaff
 r - a +2 trident of freezing (weapon)
Missiles
 d - 6 throwing nets (quivered)
Armour
 b - a +0 leather armour
 c - a +0 hat (worn)
 e - a +0 leather armour (worn)
 k - a +0 pair of gloves (worn)
 n - a +0 cloak (worn)
Jewellery
 m - an uncursed amulet of inaccuracy
 q - a ring of poison resistance (left hand)
Wands
 j - a wand of flame (17)
 o - a wand of iceblast (11)
 p - a wand of digging (3)
 s - a wand of disintegration (16)
 u - a wand of paralysis (6)
Scrolls
 h - a scroll of teleportation
 l - 5 scrolls of identify
Potions
 g - a potion of brilliance
 i - a potion of heal wounds
 v - a potion of flight
Comestibles
 f - 12 rations


   Skills:
 + Level 2.4 Fighting
 - Level 12.6(13.9) Polearms
 - Level 10.5(12.9) Staves
 - Level 2.0 Throwing
 + Level 3.2 Dodging


You had 8 spell levels left.
You didn't know any spells.
Your spell library was empty.

Dungeon Overview and Level Annotations

Branches:
Dungeon (8/15)             Temple (0/1) D:6            Lair (1/6) D:8

Altars:
Dithmenos
Elyvilon
Fedhas
Gozag
Hepliaklqana
Kikubaaqudgha
Okawaru
Qazlal
Ru
Xom
Zin
Beogh

Annotations:
D:3 3 runed translucent doors, nyroko's ghost, amateur DsCj


Innate Abilities, Weirdness & Mutations

You reflexively headbutt those who attack you in melee.
You have a pair of horns on your head.


Message History

You barely miss the yak.
The yak is heavily wounded.
The yak barely misses you. The yak closely misses you. You furiously retaliate!
You headbutt the yak! You barely miss the yak.
The yak is severely wounded.
You closely miss the yak. Your headbutt misses the yak.
The yak is severely wounded.
The yak gores you! x2
You completely miss the yak. You headbutt the yak!
The yak is almost dead.
The yak closely misses you. You furiously retaliate!
You headbutt the yak. You hit the yak. You freeze the yak.
The yak is almost dead.
The yak gores you! x2
* * * LOW HITPOINT WARNING * * *
The yak gores you!
* * * LOW HITPOINT WARNING * * *
The yak gores you!
You die...

#.. . .. ..
#####.#+## ...
#......... ..[.
#.........
....Y#F........
.....FY........
.....FY@F......
....##Y........
. #.........
###.###.## ## #


You could see 4 yaks, 3 spiny frogs and a bullfrog.

Vanquished Creatures
  Pikel (D:7)
  Psyche (D:8)
  Prince Ribbit (D:6)
  2 yaks (D:8)
  3 porcupines (D:8)
  A sky beast (D:8)
  A black bear (D:8)
  2 ogres
  A big kobold (D:8)
  5 bullfrogs
  4 scorpions
  A bullfrog zombie (D:8)
  4 crimson imps
  3 hounds
  2 orc priests
  A gnoll shaman (D:8)
  3 worker ants
  An iguana (D:7)
  An orc wizard (D:5)
  2 hound skeletons (D:5)
  A worker ant zombie (D:6)
  4 gnolls (D:8)
  13 adders
  2 oozes
  3 adder skeletons
  An adder zombie (D:8)
  2 dart slugs
  4 worms
  6 leopard geckos
  17 orcs
  A ball python (D:2)
  9 giant cockroaches
  8 goblins
  8 hobgoblins
  8 jackals
  12 kobolds
  5 bats
  3 frilled lizards
  3 leopard gecko skeletons
  A quokka skeleton (D:5)
  A quokka zombie (D:5)
  7 rats
159 creatures vanquished.

Vanquished Creatures (others)
  A hound (D:7)
  A fungus (D:8)
  A plant (D:8)
3 creatures vanquished.

Grand Total: 162 creatures vanquished

Notes
Turn   | Place    | Note
-------+----------+-------------------------------------------
     0 | D:1      | Curus the Minotaur Gladiator began the quest for the Orb.
     0 | D:1      | Reached XP level 1. HP: 18/18 MP: 0/0
   133 | D:1      | Reached XP level 2. HP: 25/25 MP: 1/1
   364 | D:1      | Reached skill level 5 in Staves
   367 | D:1      | Reached XP level 3. HP: 26/30 MP: 2/2
   901 | D:2      | Found a stormy altar of Qazlal.
  1007 | D:2      | Reached XP level 4. HP: 32/37 MP: 3/3
  1197 | D:2      | Found a blossoming altar of Fedhas.
  1469 | D:3      | Reached XP level 5. HP: 38/42 MP: 4/4
  2233 | D:3      | Found a runed translucent gate.
  2233 | D:3      | Identified the +1 short sword "Atuizezo" {drain, +Blink
                  | rElec rF+++ Dex-4}
  2233 | D:3      | Identified the +5 ring mail "Xicvaoq" {Int+5}
  2233 | D:3      | Noticed nyroko's ghost (amateur DsCj)
  2234 | D:3      | Found a runed translucent gate.
  2235 | D:3      | Found a runed translucent gate.
  2241 | D:3      | Found a roughly hewn altar of Beogh.
  2438 | D:3      | Found an iron altar of Okawaru.
  2443 | D:3      | Became a worshipper of Warmaster Okawaru
  2946 | D:4      | Found a glowing silver altar of Zin.
  3172 | D:5      | Entered Level 5 of the Dungeon
  3181 | D:5      | Noticed an ogre
  3191 | D:5      | Reached XP level 6. HP: 27/50 MP: 5/5
  3412 | D:5      | Reached * piety under Okawaru
  3700 | D:5      | Found a hazy altar of Hepliaklqana.
  3703 | D:5      | Found a shadowy altar of Dithmenos.
  3703 | D:5      | Noticed a shadow
  3962 | D:6      | Reached XP level 7. HP: 51/56 MP: 6/6
  3978 | D:6      | Reached skill level 10 in Staves
  3981 | D:6      | Found an opulent altar of Gozag.
  4171 | D:6      | Noticed Prince Ribbit
  4188 | D:6      | Killed Prince Ribbit
  4188 | D:6      | Reached skill level 3 in Polearms
  4221 | D:6      | HP: 1/56 [orc/+0 war axe (10)]
  4657 | D:6      | Reached skill level 4 in Polearms
  4658 | D:6      | Reached ** piety under Okawaru
  4658 | D:6      | Reached XP level 8. HP: 54/62 MP: 7/7
  4735 | D:6      | Reached skill level 5 in Polearms
  4835 | D:6      | Found a staircase to the Ecumenical Temple.
  4931 | D:6      | Found a shimmering altar of Xom.
  5094 | D:7      | Reached skill level 6 in Polearms
  5214 | D:7      | Found a sacrificial altar of Ru.
  5329 | D:7      | Noticed Pikel
  5351 | D:7      | Killed Pikel
  5351 | D:7      | Reached skill level 9 in Polearms
  5613 | D:7      | Found a shimmering altar of Xom.
  5904 | D:7      | Found an ancient bone altar of Kikubaaqudgha.
  5904 | D:7      | Found a white marble altar of Elyvilon.
  6217 | D:8      | Noticed Psyche
  6225 | D:8      | Killed Psyche
  6225 | D:8      | Reached *** piety under Okawaru
  6225 | D:8      | Reached skill level 10 in Polearms
  6225 | D:8      | Reached XP level 9. HP: 50/68 MP: 8/8
  6643 | D:8      | Reached skill level 11 in Polearms
  6696 | D:8      | Reached **** piety under Okawaru
  6696 | D:8      | Reached skill level 12 in Polearms
  6697 | D:8      | Found a staircase to the Lair.
  6844 | D:8      | Received a gift from Okawaru
  7051 | Lair:1   | Entered Level 1 of the Lair of Beasts
  7051 | Lair:1   | Noticed a spiny frog
  7053 | Lair:1   | Noticed a spiny frog
  7053 | Lair:1   | Noticed a spiny frog
  7061 | Lair:1   | Mangled by a yak

Illustrated notes

Levels and vault maps discovered:
D:1:      lightli_arrival_maybe_door_vault, layout_loops_cross
D:2:      minmay_wonky_spiral, layout_rooms, nicolae_overflow_crystal_walls,
          overflow_temple_1_default
D:3:      lemuel_upstairs_altar, layout_rooms, biasface_ghost_orc_armoury,
          palyth_stone_intersect, grunt_decor_resistance
D:4:      layout_loops_ring, lemuel_coloured_pillars_altar, first_ration
D:5:      layout_basic, riverfiend_overflow_shadow_ancestor
D:6:      layout_rooms, nicolae_gozag_seed_capital,
          minmay_temple_entry_large_hall, tgw_xom, uniq_prince_ribbit1
D:7:      layout_loops_cross, nicolae_ru_sacrificial_ziggurat,
          gammafunk_temple_overflow_pools, basic_altar, grunt_ogre_cave,
          hangedman_abyss_or_decor_stabs, uniq_pikel
D:8:      layout_cave_pools, kennysheep_little_box, due_lair_maze_entry_diamond,
          serial_gnoll_camp, gnoll_camp_mini_house, gnoll_camp_mini_house,
          gnoll_camp_mini_basic, gnoll_camp_huts_basic, gnoll_camp_mini_house,
          gnoll_camp_mini_hut, uniq_psyche
Lair:1:   layout_roguey, grunt_forest_large_clearings

Skill      XL: |  1  2  3  4  5  6  7  8  9 |
---------------+----------------------------+-----
Staves         | 4 5 7 8 9 10 | 10.5
Polearms       | 4 10 12 | 12.6
Fighting       | |  2.4
Throwing       | |  2.0
Dodging        | |  3.2

Action                   |  1- 3 |  4- 6 |  7- 9 || total
-------------------------+-------+-------+-------++-------
Melee: Quarterstaff      |    66 |   189 |    18 ||   273
       Headbutt          |     8 |    23 |    20 ||    51
       Trident           |       |       |   185 ||   185
Throw: Throwing net      |       |       |     1 ||     1
Evoke: Wand              |       |       |     1 ||     1
  Use: Scroll            |     3 |     6 |     3 ||    12
       Potion            |     5 |     1 |     4 ||    10
 Stab: Sleeping          |       |     1 |       ||     1
       Held in net/web   |       |       |     1 ||     1
  Eat: Chunk             |       |     5 |     7 ||    12
       Ration            |       |     1 |     1 ||     2
Armor: Leather armour    |    14 |    46 |    25 ||    85
Dodge: Dodged            |    49 |   102 |    57 ||   208
